 Dungeon Sprint DCSS version 0.20.1-1-g8b1a95d (webtiles) character file.

608 KingStallion the Carver (level 7, -4/69 HPs)
             Began as a Barachi Berserker on Oct 23, 2017.
             Was a Priest of Trog.
             Slain by Sonja
             ... wielding a +2 dagger of venom
              (5 damage)
             ... in the Dungeon (Sprint I: "Red Sonja").
             The game lasted 00:02:48 (665 turns).

KingStallion the Carver (Barachi Berserker)          Turns: 665, Time: 00:02:49

Health: -4/69      AC:  3    Str: 21    XL:     7   Next: 43%
Magic:  7/7        EV: 14    Int:  7    God:    Trog [***...]
Gold:   297        SH:  0    Dex: 11    Spells: 6/6 levels left

rFire    . . .     SeeInvis .   a - +0 falchion
rCold    . . .     Gourm    .   (no shield)
rNeg     . . .     Faith    .   j - +0 leather armour
rPois    .         Spirit   .   (no helmet)
rElec    .         Reflect  .   (no cloak)
rCorr    .         Harm     .   (no gloves)
MR       .....     NoTele   +   (no boots)
Stlth    +.........             (no amulet)
Regen    0.3/turn               (no ring)
MPRegen  0.1/turn               (no ring)

@: lethally poisoned (-4 -> -61), berserk cooldown, hasted and slowed, slow
A: +LOS, swims, slowness 1, strong legs 1
a: Hop, Berserk, Trog's Hand, Burn Spellbooks, Renounce Religion


You were in the Dungeon.
You worshipped Trog.
Trog was most pleased with you.
You were hungry.

You visited 1 branch You collected 297 gold pieces.

Inventory:

Hand Weapons
 a - a +0 falchion (weapon)
 l - a +0 broad axe
Armour
 j - a +0 leather armour (worn)
Scrolls
 i - a scroll of blinking
Potions
 g - 2 potions of magic
 h - a potion of berserk rage
Comestibles
 b - a meat ration
 c - a bread ration
 k - 3 chunks of flesh


   Skills:
 * Level 11.9 Fighting
 * Level 12.4 Long Blades
 * Level 6.3 Armour
 + Level 5.3 Dodging


You had 6 spell levels left.
You didn't know any spells.

Dungeon Overview and Level Annotations

Branches:
Dungeon (1/1)

Altars:
Cheibriados
Dithmenos
Elyvilon
Fedhas
Gozag
Hepliaklqana
Kikubaaqudgha
Makhleb
Nemelex Xobeh
Okawaru
Qazlal
Ru
Sif Muna
Trog
Uskayaw
Vehumet
Xom
Yredelemnul
Zin
The Shining One
Jiyva
Lugonu

Shops:
D (

Annotations:
D Sonja


Innate Abilities, Weirdness & Mutations

Shadows flee at your approach. (+LOS)
You can swim through water.
You cover ground slowly.
You can hop short distances.


Message History

Sonja hits you but does no damage.
You are more poisoned.
You closely miss Sonja.
* * * LOW HITPOINT WARNING * * *
You feel very sick.
Sonja gestures wildly while chanting.
Sonja blinks!
Unknown command.
You feel yourself speed up.
* * * LOW HITPOINT WARNING * * *
You feel very sick.
Sonja hits you with an uncursed dagger of venom.
* * * LOW HITPOINT WARNING * * *
You are more poisoned.
Sonja closely misses you.
Sonja hits you with an uncursed dagger of venom.
* * * LOW HITPOINT WARNING * * *
Sonja barely misses you.
You riposte.
You barely miss Sonja.
Sonja hits you with an uncursed dagger of venom.
You die...

###################
#<.#..').#..'..#__#
#..'[.#..').#..'..+
#..#####'#####'#__#
#..####..#...#[####
#..#__####..##.#§§§
#..#_____##'#((+§≈§
#⌠⌠#_.∩..§@K.(_#
####_..__##_(#'#
#_____###'#.#
####### #.### $.$
$.$# ##.## #+#


You could see Sonja.

Vanquished Creatures
  A slime creature (D)
  Sigmund (D)
  A yak (D)
  An ogre (D)
  A jelly (D)
  Ijyb (D)
6 creatures vanquished.

Notes
Turn   | Place    | Note
-------+----------+-------------------------------------------
     0 | D        | KingStallion the Barachi Berserker began the quest for the Orb.
     0 | D        | Reached XP level 1. HP: 18/18 MP: 1/1
     1 | D        | Noticed Ijyb
     8 | D        | Killed Ijyb
     8 | D        | Reached skill level 5 in Fighting
     8 | D        | Reached skill level 5 in Long Blades
     8 | D        | Reached XP level 2. HP: 27/27 MP: 2/2
     8 | D        | Reached XP level 3. HP: 33/33 MP: 3/3
    48 | D        | Noticed an ogre
    51 | D        | Killed an ogre
    51 | D        | Reached skill level 7 in Long Blades
    51 | D        | Reached XP level 4. HP: 44/44 MP: 4/4
   105 | D        | Noticed Sigmund
   111 | D        | Killed Sigmund
   111 | D        | Reached ** piety under Trog
   111 | D        | Reached skill level 10 in Fighting
   111 | D        | Reached skill level 10 in Long Blades
   111 | D        | Reached skill level 5 in Armour
   111 | D        | Reached XP level 5. HP: 53/53 MP: 5/5
   111 | D        | Reached XP level 6. HP: 60/60 MP: 6/6
   163 | D        | Found a burning altar of Makhleb.
   163 | D        | Found a viscous altar of Jiyva.
   163 | D        | Found a shimmering altar of Xom.
   163 | D        | Found a corrupted altar of Lugonu.
   163 | D        | Noticed a slime creature
   168 | D        | HP: 3/90 [slime creature (17)]
   170 | D        | Killed a slime creature
   170 | D        | Reached skill level 11 in Long Blades
   170 | D        | Reached skill level 5 in Dodging
   170 | D        | Reached XP level 7. HP: 4/68 MP: 7/7
   466 | D        | Found a deep blue altar of Sif Muna.
   468 | D        | Found a radiant altar of Vehumet.
   588 | D        | Found Keiqucem's Weapon Emporium.
   588 | D        | Found an ancient bone altar of Kikubaaqudgha.
   588 | D        | Found a hazy altar of Hepliaklqana.
   588 | D        | Found a hide-covered altar of Uskayaw.
   588 | D        | Found a basalt altar of Yredelemnul.
   588 | D        | Found an opulent altar of Gozag.
   588 | D        | Found a snail-covered altar of Cheibriados.
   588 | D        | Found a sacrificial altar of Ru.
   588 | D        | Found a shadowy altar of Dithmenos.
   588 | D        | Noticed a yak
   598 | D        | Killed a yak
   598 | D        | Reached *** piety under Trog
   598 | D        | Reached skill level 12 in Long Blades
   599 | D        | Found a stormy altar of Qazlal.
   599 | D        | Found a blossoming altar of Fedhas.
   599 | D        | Found a bloodstained altar of Trog.
   599 | D        | Found an iron altar of Okawaru.
   599 | D        | Found a glowing golden altar of the Shining One.
   599 | D        | Found a glowing silver altar of Zin.
   599 | D        | Found a white marble altar of Elyvilon.
   602 | D        | Found a sparkling altar of Nemelex Xobeh.
   650 | D        | Noticed Sonja
   665 | D        | HP: 3/69 [Sonja/uncursed dagger of venom (2)]
   665 | D        | HP: 1/69 [Sonja/uncursed dagger of venom (2)]
   665 | D        | Slain by Sonja

Skill      XL: |  1  2  3  4  5  6  7 |
---------------+----------------------+-----
Fighting       | 5 7 10 11 | 11.9
Long Blades    | 5 7 10 11 12 | 12.4
Armour         | 3 5 6 |  6.3
Dodging        | 3 4 5 |  5.3

Action                   |  1- 3 |  4- 6 |  7- 9 || total
-------------------------+-------+-------+-------++-------
Melee: Falchion          |     7 |     9 |    16 ||    32
Invok: Berserk           |     2 |     2 |     2 ||     6
  Use: Potion            |       |       |     3 ||     3
  Eat: Chunk             |       |       |     4 ||     4
Armor: Animal skin       |     1 |       |       ||     1
       Leather armour    |       |       |     7 ||     7
Dodge: Dodged            |     3 |     1 |    15 ||    19
       Rpst.: Falchion   |     1 |       |     3 ||     4
